 Dungeon Crawl Stone Soup version 0.29.1-1-gd02db6906a (webtiles) character file.

Game seed: 6351281983323091908

5709 LustLizard the Carver (level 10, -3/79 (80) HPs)
             Began as a Demonspawn Gladiator on Oct 16, 2022.
             Was an Elder of Okawaru.
             Slain by an unseen horror simulacrum (6 damage)
             ... on level 9 of the Dungeon.
             The game lasted 00:19:01 (9958 turns).

LustLizard the Carver (Demonspawn Gladiator)        Turns: 9958, Time: 00:19:02

HP:   -3/79 (80)    AC: 10    Str: 14    XL:     10   Next: 48%
MP:   0/19          EV: 14    Int: 16    God:    Okawaru [****..]
Gold: 491           SH:  4    Dex: 19    Spells: 9/9 levels left

rFire   . . .      SeeInvis .   a - +0 long sword
rCold   . . .      Faith    .   (no shield)
rNeg    . . .      Spirit   +   M - +0 swamp dragon scales
rPois   +          Reflect  .   c - +0 helmet
rElec   .          Harm     .   g - +0 cloak
rCorr   .          Rampage  .   (no gloves)
Will    .....                   J - +0 pair of boots
Stlth   +.........              (no amulet)
HPRegen 0.23/turn               j - ring of magical power
MPRegen 0.32/turn               H - +6 ring of intelligence

@: studying Long Blades, lightly drained
A: large bone plates 1, ignite blood 2, magic shield, magic regeneration,
demonic touch 1
a: Renounce Religion, Heroism, Finesse


You were on level 9 of the Dungeon.
You worshipped Okawaru.
Okawaru was greatly pleased with you.
You visited 2 branches of the dungeon, and saw 10 of its levels.
You also visited: Sewer.

You collected 532 gold pieces.
You spent 41 gold pieces at shops.

Inventory:

Hand Weapons
 a - a +0 long sword (weapon)
 N - a +0 war axe
Missiles
 d - 3 throwing nets
 m - 21 poisoned darts (quivered)
 C - 23 stones
 I - 5 boomerangs
Armour
 b - a +0 leather armour
 c - a +0 helmet (worn)
 g - a +0 cloak (worn)
 h - a +0 ring mail
 v - a +0 scale mail
 J - a +0 pair of boots (worn)
 M - +0 swamp dragon scales (worn)
 R - the +3 leather armour of the Dice {Will+ Regen+}
   (You found it on level 7 of the Dungeon)

   Regen:     It increases your rate of health regeneration.
   Will:      It increases your willpower.
Jewellery
 j - a ring of magical power (left hand)
 H - a +6 ring of intelligence (right hand)
Wands
 L - a wand of digging (5)
 O - a wand of light (4)
 P - a wand of roots (14)
Scrolls
 f - 2 scrolls of blinking {unknown}
 i - a scroll of brand weapon {unknown}
 k - 3 scrolls of vulnerability
 p - a scroll of fog {unknown}
 r - a scroll of enchant armour {unknown}
 s - 2 scrolls of poison {unknown}
 t - a scroll of noise {unknown}
 w - a scroll of amnesia {unknown}
 x - 2 scrolls of immolation {unknown}
 y - 3 scrolls of teleportation
 B - 2 scrolls of enchant weapon {unknown}
 D - 2 scrolls of magic mapping {unknown}
 K - a scroll of fear {unknown}
 U - a scroll of identify
 V - a scroll of acquirement {unknown}
Potions
 e - a potion of flight
 l - a potion of magic {unknown}
 n - a potion of might
 o - 7 potions of curing
 q - 2 potions of invisibility {unknown}
 u - 2 potions of degeneration
 z - a potion of resistance {unknown}
 A - 3 potions of haste
 E - 3 potions of lignification
 F - 2 potions of heal wounds
 G - 3 potions of ambrosia
 Q - a potion of attraction {unknown}
 S - a potion of brilliance
 T - a potion of berserk rage {unknown}


   Skills:
 + Level 8.0 Fighting
 * Level 12.7 Long Blades
 - Level 6.0 Throwing
 - Level 6.0 Dodging


You had 9 spell levels left.
You didn't know any spells.
Your spell library was empty.

Dungeon Overview and Level Annotations

Branches:
Dungeon (9/15)             Temple (1/1) D:4            Lair (0/5) D:8
  Sewer (visited)
    Orc: D:9-12

Altars:
Cheibriados
Dithmenos
Fedhas
Gozag
Hepliaklqana
Makhleb
Nemelex Xobeh
Okawaru
Ru
Sif Muna
Trog
Uskayaw
Vehumet
Wu Jian
Xom
Yredelemnul

Shops:
D:5 *

Annotations:
D:8 1 runed translucent door, LustLizard's ghost, novice SpHu


Innate Abilities, Weirdness & Mutations

You are partially covered in large bone plates. (SH +4)
Your demonic aura often causes spilled blood to erupt in flames.
When hurt, damage is shared between your health and your magic reserves.
You regenerate magic rapidly.
Your touch may inflict minor irresistible damage on your foes.


Message History

You hit the wight but do no damage.
You touch the wight!
You destroy the wight!
Okawaru accepts your kill.
Things that are here:
a +0 morningstar; a +0 robe You start resting.
Magic restored.
You start resting.
HP restored.
An electric eel comes into view.
The electric eel shoots out a bolt of lightning at you!
The bolt of electricity hits you!
An unseen horror simulacrum comes into view.
The electric eel shoots out a bolt of lightning at you!
The bolt of electricity misses you.
An ice beast comes into view.
The unseen horror simulacrum barely misses you.
The electric eel shoots out a bolt of lightning at you!
The bolt of electricity hits the electric eel.
The electric eel completely resists.
The bolt of electricity hits you!
The unseen horror simulacrum closely misses you.
The unseen horror simulacrum hits you.
The unseen horror simulacrum freezes you!
The electric eel shoots out a bolt of lightning at you!
The bolt of electricity hits the electric eel.
The electric eel completely resists.
The bolt of electricity hits you! The unseen horror simulacrum hits you.
The unseen horror simulacrum freezes you!
The unseen horror simulacrum attacks as you move away!
The unseen horror simulacrum hits you.
The unseen horror simulacrum freezes you!
* * * LOW HITPOINT WARNING * * *
The unseen horror simulacrum hits you but does no damage.
The unseen horror simulacrum hits you.
* * * LOW HITPOINT WARNING * * *
The unseen horror simulacrum freezes you!
* * * LOW HITPOINT WARNING * * *
Okay, then.
The unseen horror simulacrum hits you!
You die...

...##
.............~.~~~
#..
.............~Y~~≈
..#...
..............~~~~
#..#...
.............~~~~~
.......
.............S.S~~
......>.
...<.............
........
.................
#.......
..##..Z.......##
#..........
#..@.#.######
.............##)#####
.............##.##
.............##..##
.......#.....#...^#
##....###.........#
........#.......###
.#...............##
##..........†.....#


You could see an ice beast, an electric eel and an unseen horror simulacrum.

Vanquished Creatures
  A deep elf pyromancer (D:8)
  Maggie (D:7)
  A komodo dragon (D:8)
  Sigmund (D:2)
  A basilisk (D:8)
  A fire elemental (D:8)
  An unseen horror simulacrum (D:9)
  4 steam dragons (D:8)
  An acid dragon (D:8)
  A water moccasin (D:5)
  An ice beast (D:9)
  3 orc warriors
  A black bear (D:8)
  A sky beast (D:6)
  A centaur (D:8)
  2 ogres
  A wolf (D:9)
  2 kobold brigands
  6 bullfrogs
  4 scorpions
  A necrophage (D:6)
  A gnoll sergeant (D:6)
  11 wights
  4 killer bees (D:7)
  A howler monkey (D:6)
  An electric eel (D:9)
  3 hounds (D:5)
  An orc priest (D:6)
  4 jellies
  Jessica (D:2)
  5 iguanas
  8 orc wizards
  Robin (D:2)
  12 gnolls
  8 adders
  A river rat (Sewer)
  3 shadow imps
  2 white imps
  An ufetubus (D:5)
  4 worms
  2 dart slugs (D:1)
  20 orcs
  4 bats
  16 endoplasms
  8 giant cockroaches
  5 hobgoblins
  5 jackals
  8 quokkas
  10 ball pythons
  A frilled lizard (D:1)
  14 goblins
  19 kobolds
  8 rats
228 creatures vanquished.

Vanquished Creatures (others)
  15 fungi (D:8)
  15 plants
30 creatures vanquished.

Grand Total: 258 creatures vanquished

Notes
Turn   | Place    | Note
-------+----------+-------------------------------------------
     0 | D:1      | LustLizard the Demonspawn Gladiator began the quest for the
                  | Orb.
     0 | D:1      | Reached XP level 1. HP: 16/16 MP: 1/1
   318 | D:1      | Gained mutation: Your touch may inflict minor irresistible
                  | damage on your foes. [demonic ancestry]
   318 | D:1      | Reached XP level 2. HP: 22/22 MP: 2/2
   568 | D:1      | Reached skill level 3 in Long Blades
   956 | D:1      | Gained mutation: You regenerate magic rapidly. [demonic
                  | ancestry]
   956 | D:1      | Reached XP level 3. HP: 25/27 MP: 3/3
  1681 | D:2      | Noticed an ogre
  1811 | D:2      | Noticed Jessica
  1933 | D:2      | Killed Jessica
  1934 | D:2      | Gained mutation: Your demonic aura sometimes causes spilled
                  | blood to erupt in flames. [demonic ancestry]
  1934 | D:2      | Reached XP level 4. HP: 34/34 MP: 4/4
  1982 | D:2      | Killed an ogre
  1983 | D:2      | Gained mutation: You are partially covered in large bone
                  | plates. (SH +4) [demonic ancestry]
  1983 | D:2      | Reached XP level 5. HP: 26/40 MP: 5/5
  2157 | D:2      | Noticed Robin
  2163 | D:2      | Killed Robin
  2301 | D:2      | Noticed Sigmund
  2385 | D:2      | Killed Sigmund
  2386 | D:2      | Reached skill level 4 in Long Blades
  2386 | D:2      | Gained mutation: When hurt, damage is shared between your
                  | health and your magic reserves. [demonic ancestry]
  2386 | D:2      | Reached XP level 6. HP: 29/47 MP: 6/6
  2517 | D:2      | Found a faded altar of an unknown god.
  3088 | D:3      | Found a blossoming altar of Fedhas.
  3520 | D:4      | Found a staircase to the Ecumenical Temple.
  3525 | Temple   | Entered the Ecumenical Temple
  3530 | Temple   | Became a worshipper of Warmaster Okawaru
  3544 | D:4      | Gained mutation: Your demonic aura often causes spilled
                  | blood to erupt in flames. [demonic ancestry]
  3544 | D:4      | Reached XP level 7. HP: 52/52 MP: 7/7
  3714 | D:4      | Found a glowing drain.
  3758 | Sewer    | Entered a sewer
  4328 | D:4      | Reached skill level 5 in Long Blades
  4814 | D:5      | Entered Level 5 of the Dungeon
  4981 | D:5      | Reached * piety under Okawaru
  4982 | D:5      | Reached skill level 5 in Throwing
  5212 | D:5      | Reached XP level 8. HP: 59/60 MP: 8/8
  5676 | D:5      | Found Wilamuxu's Assorted Antiques.
  5679 | D:5      | Bought a scroll labelled BAOCUBLEDI for 22 gold pieces
  5679 | D:5      | Bought a fuming amethyst potion for 19 gold pieces
  6060 | D:5      | Reached skill level 6 in Long Blades
  6480 | D:6      | Reached skill level 5 in Fighting
  6480 | D:6      | Reached skill level 5 in Dodging
  6508 | D:6      | Reached ** piety under Okawaru
  6912 | D:6      | Reached skill level 7 in Long Blades
  6912 | D:6      | Reached XP level 9. HP: 62/68 MP: 9/9
  7206 | D:7      | Noticed Maggie
  7218 | D:7      | Killed Maggie
  7277 | D:7      | Reached skill level 8 in Long Blades
  7367 | D:7      | Identified the +3 leather armour of the Dice {Will+ Regen+}
  7608 | D:8      | Found a runed translucent door.
  7608 | D:8      | Noticed LustLizard's ghost (novice SpHu)
  7686 | D:8      | Reached skill level 9 in Long Blades
  7690 | D:8      | Noticed a komodo dragon
  7693 | D:8      | Reached *** piety under Okawaru
  7989 | D:8      | Noticed an ice devil
  8232 | D:8      | Killed a komodo dragon
  8233 | D:8      | Reached skill level 10 in Long Blades
  8515 | D:8      | Found a staircase to the Lair.
  8559 | D:8      | Noticed a gargoyle
  8635 | D:8      | Noticed an ice devil
  8923 | D:8      | Reached XP level 10. HP: 63/79 MP: 10/10
  9017 | D:8      | Reached skill level 11 in Long Blades
  9020 | D:8      | Reached **** piety under Okawaru
  9281 | D:8      | Noticed a deep elf pyromancer
  9285 | D:8      | Killed a deep elf pyromancer
  9286 | D:8      | Reached skill level 12 in Long Blades
  9957 | D:9      | HP: 3/79 [unseen horror simulacrum (13)]
  9958 | D:9      | Slain by an unseen horror simulacrum

Illustrated notes

Levels and vault maps discovered:
D:1:      dpeg_arrival_oval, layout_basic, serial_co_window_serial,
          co_window_paths_a, co_window_of_opportunity_a, co_window_paths_b,
          co_window_paths_b, co_window_paths_a, co_window_corner_cb,
          co_window_2corner, co_window_corner_b, co_window_broadway_c,
          co_window_unsneaky_path_d, glass_columns_b, glass_columns_a,
          glass_columns_b, glass_columns_c, st_stairs_1, minmay_tall_x
D:2:      layout_basic, hellmonk_ecumenical_altar_inner_sanctum, uniq_jessica,
          uniq_robin, uniq_sigmund
D:3:      layout_rooms, fedhas_altar_3, nrook_loot_triangle
D:4:      layout_loops_cross, minmay_temple_entry_gardened_gates,
          portal_sewer_entry_e
D:5:      cheibrodos_quashed, layout_loops_corners, serial_shops,
          kennysheep_mini_moat, dk_noncrumbling_4
D:6:      layout_gridville, st_stairs_13, chequers_serial_rivers_marsh,
          minmay_manual_mullet
D:7:      minmay_spotlight, layout_cave_pools, uniq_maggie
D:8:      layout_rooms, grunt_lair_entry_orc_guard_hut,
          hellmonk_ghost_happy_afterlife, dilly_guarded_unrand_elemental_staff
D:9:      layout_cave_pools, serial_ice, serial_ice_j, serial_ice_m,
          serial_ice_f, serial_ice_o, minmay_statue_crystal_thing
Temple:   sentei_temple_godly_chess

Skill      XL: |  1  2  3  4  5  6  7  8  9 10 |
---------------+-------------------------------+-----
Throwing       | 2 3 4 5 6 |  6.0
Long Blades    | 3 4 5 7 10 12 | 12.7
Dodging        | 3 4 5 6 |  6.0
Fighting       | 3 4 5 7 8 |  8.0

Action                   |  1- 3 |  4- 6 |  7- 9 | 10-12 || total
-------------------------+-------+-------+-------+-------++-------
Melee: Long sword        |    74 |    95 |   392 |    55 ||   616
       Touch             |     7 |    19 |    67 |    15 ||   108
       Punch             |       |       |     4 |     2 ||     6
Throw: Dart              |     3 |     8 |    15 |    16 ||    42
       Throwing net      |     1 |       |       |       ||     1
       Stone             |       |    18 |    24 |       ||    42
       Javelin           |       |     2 |       |       ||     2
       Boomerang         |       |       |    17 |       ||    17
Invok: Heroism           |       |       |       |     1 ||     1
Evoke: Wand              |       |     2 |     8 |       ||    10
  Use: Scroll            |       |       |     9 |       ||     9
       Potion            |       |       |       |     1 ||     1
 Stab: Distracted        |       |       |       |     1 ||     1
Armor: Leather armour    |    12 |       |       |       ||    12
       Ring mail         |    11 |    19 |       |       ||    30
       Scale mail        |       |     5 |   105 |       ||   110
       Swamp dragon scal |       |       |    31 |    24 ||    55
Dodge: Dodged            |    44 |    50 |   206 |    28 ||   328
Block: Other             |       |    13 |    60 |     9 ||    82
